 Dungeon Crawl Stone Soup version 0.29.1-12-g30fa7ad0bf (webtiles) character file.

Game seed: 6835162987565625117

146207 KittyFluff the Tortoise (level 17, -11/163 HPs)
             Began as a Gargoyle Berserker on Jan 10, 2023.
             Was a High Priest of Trog.
             Mangled by a bunyip (22 damage)
             ... on level 4 of the Swamp on Jan 11, 2023.
             The game lasted 02:49:06 (32094 turns).

KittyFluff the Tortoise (Gargoyle Berserker)       Turns: 32094, Time: 02:49:07

Health: -11/163    AC: 34    Str: 27    XL:     17   Next: 44%
Magic:  17/17      EV: 17    Int:  9    God:    Trog [*****.]
Gold:   844        SH: 11    Dex: 12    Spells: 16/16 levels left

rFire   + . .      SeeInvis +   a - +8 demon whip of Xom {venom, +Blink rF+ rCorr Dex-4}
rCold   . . .      Faith    .   L - +0 buckler
rNeg    + . .      Spirit   .   M - +0 scale mail of Xomuoqota {Str+3}
rPois   ∞          Reflect  +   R - +2 helmet {SInv}
rElec   +          Harm     .   J - +0 cloak {Stlth+}
rCorr   +          Rampage  .   e - +2 pair of gloves {Dex+3}
Will    +....                   Q - +0 pair of boots
Stlth   ..........              Y - amulet of reflection
HPRegen 0.37/turn               U - +4 ring of slaying
MPRegen 0.15/turn               w - +4 ring of evasion

@: berserking, flying, studying 2 skills, very quick
A: sickness immunity, AC +12, big wings, negative energy resistance 1,
electricity resistance, torment resistance 1, petrification resistance
a: Renounce Religion, Evoke Blink, Berserk, Trog's Hand, Brothers in Arms


You were on level 4 of the Swamp.
You worshipped Trog.
Trog was extremely pleased with you.
You visited 4 branches of the dungeon, and saw 22 of its levels.

You collected 1789 gold pieces.
You spent 945 gold pieces at shops.

Inventory:

Hand Weapons
 a - the +8 demon whip of Xom (weapon) {venom, +Blink rF+ rCorr Dex-4}
   (You acquired it on level 2 of the Lair of Beasts)

   It poisons the flesh of those it strikes.
   Dex:       It affects your dexterity (-4).
   rF:        It protects you from fire.
   +Blink:    It lets you blink.
   rCorr:     It protects you from acid and corrosion.
 b - the +7 great mace "Firestarter" {inner flame, rF++}
   (You found it on level 2 of the Swamp)

   It burns those it strikes, dealing additional fire damage.
   It fills those it strikes with an explosive inner flame.
   It grants immunity to clouds of flame.
   rF:        It greatly protects you from fire.
 j - the +0 sling "Ketouh" {vorpal, rC+ Dex+3}
   (You bought it in a shop on level 2 of the Orcish Mines)

   Any ammunition fired from it inflicts extra damage upon your enemies.
   Dex:       It affects your dexterity (+3).
   rC:        It protects you from cold.
 m - a +9 eveningstar
 p - a +5 antimagic demon whip
Missiles
 D - 55 poisoned darts (quivered)
 V - 3 javelins
Armour
 e - a +2 pair of gloves of dexterity (worn)
 f - a +2 leather armour of cold resistance
 l - a scarf of invisibility
 t - a +2 leather armour of positive energy
 J - a +0 cloak of stealth (worn)
 L - a +0 buckler (worn)
 M - the +0 scale mail of Xomuoqota (worn) {Str+3}
   (You found it on level 4 of the Lair of Beasts)

   Str:       It affects your strength (+3).
 Q - a +0 pair of boots (worn)
 R - a +2 helmet of see invisible (worn)
Jewellery
 u - a ring of willpower
 w - a +4 ring of evasion (right hand)
 x - a +4 ring of evasion
 P - a ring of resist corrosion
 U - a +4 ring of slaying (left hand)
 Y - an amulet of reflection (around neck)
Wands
 h - a wand of paralysis (17)
 q - a wand of polymorph (7)
 v - a wand of mindburst (5)
 A - a wand of roots (55)
 F - a wand of acid (4)
 T - a wand of flame (42)
 X - a wand of digging (10)
Scrolls
 c - 6 scrolls of fear
 i - 6 scrolls of teleportation
 n - a scroll of summoning
 r - 2 scrolls of enchant armour
 y - 5 scrolls of butterflies
 C - 2 scrolls of blinking
 E - 2 scrolls of magic mapping
 H - a scroll of torment
 I - 2 scrolls of enchant weapon
 N - 2 scrolls of poison
 W - 3 scrolls of immolation
Potions
 d - 8 potions of curing
 g - 7 potions of heal wounds
 k - 2 potions of cancellation
 o - 2 potions of invisibility
 s - 6 potions of mutation
 z - a potion of berserk rage {unknown}
 B - a potion of might
 G - 7 potions of haste
 K - 6 potions of ambrosia
 O - 2 potions of attraction
 Z - a potion of lignification
Miscellaneous
 S - a phantom mirror


   Skills:
 + Level 13.2 Fighting
 * Level 16.9 Maces & Flails
 * Level 17.5 Armour
 - Level 7.1 Dodging
 + Level 10.7 Shields
 + Level 7.5 Evocations


You had 16 spell levels left.
You didn't know any spells.
Your spell library was empty.

Dungeon Overview and Level Annotations

Branches:
Dungeon (11/15)            Temple (0/1) D:6            Lair (5/5) D:11
  Swamp (4/4) Lair:3       Spider (0/4) Lair:3        Slime (0/5) Lair:4
    Orc (2/2) D:11            Elf (0/3) Orc:2

Altars:
Hepliaklqana
Uskayaw
The Shining One

Shops:
D:7 [[   D:9 (   Orc:2 !(![

Annotations:
D:10 Lodul
Swamp:3 Mlioglotl


Innate Abilities, Weirdness & Mutations

You are immune to sickness and miasma.
Your stone body is resilient. (AC +12)
You are immune to poison.
Your large and strong wings let you fly.
You resist negative energy. (rN+)
You are resistant to electric shocks. (rElec)
You are resistant to unholy torment.
You are immune to petrification.


Message History

You hear a crashing sound.
You hear a deafening roar!
You hear an angry buzzing noise.
The bunyip claws you!
The bunyip claws you but does no damage.
The bunyip claws you!
A fenstrider witch comes into view.
You barely miss the bunyip.
The fenstrider witch shouts!
You hit the bunyip.
The bunyip is poisoned.
The bunyip is lightly wounded.
You whack the bunyip!
The bunyip is moderately wounded.
You closely miss the bunyip.
The bunyip is moderately wounded.
You block the bunyip's attack. x3
You closely miss the bunyip.
The bunyip is moderately wounded.
You whack the bunyip!
The bunyip is heavily wounded.
You whack the bunyip!
The bunyip is severely wounded.
The fenstrider witch gestures at you while chanting.
You suddenly lose the ability to move!
The bunyip claws you! The bunyip claws you!!
* * * LOW HITPOINT WARNING * * *
The bunyip claws you but does no damage.
The fenstrider witch points at you and mumbles some strange words.
Your body is wracked with pain!
* * * LOW HITPOINT WARNING * * *
You can move again.
A red film seems to cover your vision as you go berserk!
You feel yourself moving faster!
You feel mighty!
The fenstrider witch completely misses you.
The fenstrider witch kicks you!
* * * LOW HITPOINT WARNING * * *
The fenstrider witch completely misses you.
The fenstrider witch kicks you but does no damage.
You closely miss the fenstrider witch. You barely miss the fenstrider witch.
The bunyip claws you!!
You die...

~♣.~~.~
~.~~.
...§~~~
...~♣
..~~~~~ ~~~~
♣!~~~~~~~..
~.~~~~.♣§~♣♣
♣~~~~~♣.~~♣
♣~~.~.~~#
♣§~Hx~~#
≈≈≈≈♣..@~##
♣ ♣~~~§#
♣♣♣~~~~#
♣~~~§~~#
...~.~~~~~~#
~.~♣..~~..~#
.. ♣♣~§♣♣♣.#
♣♣♣ ♣#


You could see a bunyip (poisoned) and a fenstrider witch.

Vanquished Creatures
  Nikola (Swamp:3)
  Aizul (Swamp:1)
  Louise (Swamp:2)
  4 ghouls (Swamp:1)
  4 eleionomae
  A minotaur (Lair:3)
  The ghost of Qoypruj the Cruncher, a journeyman MiGl of the Shining One (Lair:5)
  3 bunyips
  Josephine (D:10)
  2 boulder beetles
  3 ghost crabs
  4 ogre magi
  13 hydras
  2 catoblepae
  4 alligators
  18 two-headed ogres
  5 death yaks
  2 spriggan berserkers (Swamp:2)
  An orc high priest (D:11)
  The ghost of Sitoc the Unseen, a journeyman SpBr of Dithmenos (Lair:3)
  A fire crab (Lair:4)
  2 spriggan druids (Swamp:1)
  5 goliath frogs
  2 swamp dragons
  3 bog bodies
  An orc knight (D:11)
  A deep elf pyromancer (D:9)
  3 cyclopes
  2 will-o-the-wisps
  12 elephants
  6 black mambas
  4 torpor snails
  8 cane toads
  An ice statue (Lair:5)
  7 komodo dragons
  2 unseen horrors
  An ice devil (Lair:5)
  A meliai (Lair:5)
  6 trolls
  9 tyrant leeches
  Prince Ribbit (D:5)
  5 polar bears
  2 queen bees
  15 hornets
  8 blink frogs (Lair:5)
  2 dream sheep (Lair:5)
  22 spriggans
  2 wyverns
  43 yaks
  3 steam dragons
  5 wraiths
  3 basilisks
  Eustachio (D:4)
  7 vampire mosquitoes
  14 swamp worms
  An acid dragon (D:10)
  5 wargs
  A swamp drake (Swamp:1)
  18 water moccasins
  12 orc warriors
  4 sky beasts
  Pargi (D:4)
  8 ice beasts
  3 black bears
  4 boggarts (Lair:5)
  34 ogres
  56 wolves
  2 centaurs (D:6)
  3 phantoms
  12 bullfrogs
  5 kobold brigands
  2 gnoll sergeants
  2 necrophages
  3 scorpions
  3 wights (D:9)
  38 killer bees
  7 electric eels
  A crimson imp (D:4)
  4 howler monkeys
  2 gnoll boudas
  6 hounds
  3 jellies
  16 orc priests
  Jessica (D:2)
  2 iguanas
  20 orc wizards
  5 adders
  11 gnolls
  3 white imps
  2 ufetubi
  2 worms (D:4)
  4 dart slugs
  60 orcs
  5 endoplasms
  4 giant cockroaches
  6 goblins
  8 hobgoblins
  4 jackals (D:2)
  29 kobolds
  3 quokkas
  4 ball pythons
  7 bats
  2 frilled lizards
  3 rats
723 creatures vanquished.

Vanquished Creatures (others)
  3 kobolds (D:8)
  6 foxfires (Swamp:3)
  82 fungi
  92 plants
183 creatures vanquished.

Grand Total: 906 creatures vanquished

Notes
Turn   | Place    | Note
-------+----------+-------------------------------------------
     0 | D:1      | KittyFluff the Gargoyle Berserker began the quest for the
                  | Orb.
     0 | D:1      | Reached XP level 1. HP: 14/14 MP: 1/1
   489 | D:1      | Reached XP level 2. HP: 19/19 MP: 2/2
  1008 | D:1      | Found a faded altar of an unknown god.
  1207 | D:2      | Reached XP level 3. HP: 21/23 MP: 3/3
  1261 | D:2      | Noticed Jessica
  1274 | D:2      | Killed Jessica
  1275 | D:2      | Reached skill level 3 in Armour
  1533 | D:2      | Reached XP level 4. HP: 27/29 MP: 4/4
  1559 | D:2      | Reached ** piety under Trog
  2275 | D:3      | Reached XP level 5. HP: 24/33 MP: 5/5
  2548 | D:3      | Reached skill level 4 in Armour
  3006 | D:4      | Reached *** piety under Trog
  3076 | D:4      | Reached XP level 6. HP: 38/38 MP: 6/6
  3259 | D:4      | Noticed Pargi
  3284 | D:4      | Killed Pargi
  3396 | D:4      | Reached skill level 5 in Armour
  3508 | D:4      | Reached XP level 7. HP: 42/44 MP: 7/7
  3529 | D:4      | Identified the +8 spear "Teem" {flame, rPois rF+ rC+ rCorr}
  3621 | D:4      | HP: 2/44 [orc priest/+0 hand axe (2)]
  4073 | D:4      | Reached skill level 5 in Maces & Flails
  4472 | D:5      | Entered Level 5 of the Dungeon
  4472 | D:5      | Noticed Eustachio
  4814 | D:4      | Killed Eustachio
  5312 | D:5      | Reached skill level 5 in Fighting
  5352 | D:5      | Noticed Prince Ribbit
  5377 | D:5      | Killed Prince Ribbit
  5378 | D:5      | Reached skill level 6 in Armour
  5378 | D:5      | Reached XP level 8. HP: 29/49 MP: 8/8
  5867 | D:5      | Noticed a troll
  5883 | D:5      | Killed a troll
  6033 | D:5      | Reached skill level 7 in Armour
  6623 | D:6      | Noticed a wraith
  6636 | D:6      | Killed a wraith
  6637 | D:6      | Reached XP level 9. HP: 47/55 MP: 9/9
  6806 | D:6      | Reached skill level 8 in Armour
  6856 | D:6      | Reached **** piety under Trog
  7514 | D:6      | Found a staircase to the Ecumenical Temple.
  7790 | D:7      | Found Olapnoeh's Antique Armour Shop.
  7792 | D:7      | Bought a runed helmet for 142 gold pieces
  7792 | D:7      | Bought an ominously black robe for 108 gold pieces
  7792 | D:7      | Identified the +1 robe "Vuheph" {rN+ Will+ Stlth+} (You
                  | bought it in a shop on level 7 of the Dungeon)
  8027 | D:7      | Found Neikh's Antique Armour Emporium.
  8042 | D:7      | Found Zedifo's Distillery.
  8068 | D:7      | Reached skill level 9 in Armour
  8092 | D:7      | Reached XP level 10. HP: 60/61 MP: 10/10
  8110 | D:7      | Reached skill level 5 in Dodging
  8650 | D:7      | Bought a pair of glowing gloves for 232 gold pieces
  9300 | D:8      | Found a hazy altar of Hepliaklqana.
  9342 | D:8      | Reached ***** piety under Trog
  9774 | D:9      | Found a glowing golden altar of the Shining One.
  9940 | D:9      | Noticed a deep elf pyromancer
 10526 | D:9      | Found Onwuoc's Antique Weapon Shoppe.
 10602 | D:9      | HP: 1/94 [fire elemental[a deep elf pyromancer] (7)]
 10603 | D:9      | Killed a deep elf pyromancer
 10604 | D:9      | Reached skill level 10 in Armour
 11294 | D:10     | Entered Level 10 of the Dungeon
 11404 | D:10     | Noticed Lodul
 11421 | D:10     | Found a hide-covered altar of Uskayaw.
 11557 | D:10     | Noticed an unseen horror
 11576 | D:10     | Killed an unseen horror
 11821 | D:10     | Noticed a two-headed ogre
 11830 | D:10     | Killed a two-headed ogre
 11831 | D:10     | Reached skill level 10 in Maces & Flails
 11831 | D:10     | Reached XP level 11. HP: 36/68 MP: 11/11
 12072 | D:10     | Noticed Josephine
 12097 | D:10     | Killed Josephine
 12098 | D:10     | Reached skill level 11 in Armour
 12253 | D:10     | Noticed a two-headed ogre
 12268 | D:10     | Killed a two-headed ogre
 13674 | D:11     | Received a gift from Trog
 14073 | D:11     | Found a staircase to the Orcish Mines.
 14170 | D:11     | Found a staircase to the Lair.
 14313 | D:11     | Noticed a two-headed ogre
 14325 | D:11     | Killed a two-headed ogre
 14326 | D:11     | Reached skill level 12 in Armour
 14574 | D:11     | Noticed a two-headed ogre
 14591 | D:11     | Killed a two-headed ogre
 14592 | D:11     | Reached XP level 12. HP: 74/76 MP: 12/12
 14789 | Orc:1    | Entered Level 1 of the Orcish Mines
 14948 | Orc:1    | Noticed an orc high priest
 14986 | D:11     | Killed an orc high priest
 16714 | D:11     | Reached skill level 13 in Armour
 16961 | Orc:2    | Entered Level 2 of the Orcish Mines
 16962 | Orc:2    | Noticed a two-headed ogre
 16962 | Orc:2    | Noticed a two-headed ogre
 16963 | Orc:2    | Noticed a two-headed ogre
 16980 | Orc:1    | Killed a two-headed ogre
 16981 | Orc:1    | Reached skill level 1 in Shields
 17122 | Orc:1    | Killed a two-headed ogre
 17139 | Orc:2    | Noticed a two-headed ogre
 17154 | Orc:1    | Killed a two-headed ogre
 17390 | Orc:2    | Noticed a two-headed ogre
 17392 | Orc:2    | Noticed a two-headed ogre
 17400 | Orc:1    | Killed a two-headed ogre
 17401 | Orc:1    | Reached skill level 10 in Fighting
 17416 | Orc:2    | Noticed a two-headed ogre
 17417 | Orc:2    | Noticed a two-headed ogre
 17418 | Orc:2    | Noticed an ogre mage
 17425 | Orc:1    | Killed a two-headed ogre
 17512 | Orc:1    | Killed a two-headed ogre
 17520 | Orc:1    | Killed a two-headed ogre
 17777 | Orc:2    | Noticed a two-headed ogre
 17789 | Orc:1    | Killed a two-headed ogre
 17790 | Orc:1    | Reached XP level 13. HP: 59/82 MP: 13/13
 18217 | Orc:1    | Reached skill level 5 in Shields
 18299 | Orc:1    | Reached skill level 14 in Armour
 18662 | Orc:1    | Received a gift from Trog
 18901 | Orc:2    | Paralysed by an ogre mage for 4 turns
 19165 | Orc:2    | Found Ullewnyl's Antique Weapon Shop.
 19165 | Orc:2    | Found Tieckece's Antique Armour Shoppe.
 19165 | Orc:2    | Found Peuf's Distillery.
 19165 | Orc:2    | Found Zoseet's Distillery.
 19184 | Orc:2    | Bought a potion of degeneration for 12 gold pieces
 19191 | Orc:2    | Bought a translucent sling for 195 gold pieces
 19191 | Orc:2    | Identified the +0 sling "Ketouh" {vorpal, rC+ Dex+3} (You
                  | bought it in a shop on level 2 of the Orcish Mines)
 19197 | Orc:2    | Bought an embroidered scarf for 256 gold pieces
 19340 | Orc:2    | Found a staircase to the Elven Halls.
 19567 | Lair:1   | Entered Level 1 of the Lair of Beasts
 21192 | Lair:2   | Gained mutation: Your large and strong wings let you fly.
                  | [Gargoyle growth]
 21192 | Lair:2   | Reached XP level 14. HP: 58/90 MP: 14/14
 21356 | Lair:2   | Identified a scroll of acquirement
 21438 | Lair:2   | Found a dark tunnel.
 21695 | Lair:2   | Reached skill level 15 in Armour
 21782 | Lair:2   | Acquired the +8 demon whip of Xom {venom, +Blink rF+ rCorr
                  | Dex-4}
 21942 | Lair:3   | Reached skill level 1 in Evocations
 22059 | Lair:3   | Found a runed translucent gate.
 22062 | Lair:3   | Found a runed translucent gate.
 22062 | Lair:3   | Found a runed translucent gate.
 22104 | Lair:3   | Noticed Sitoc's ghost (journeyman SpBr)
 22170 | Lair:3   | Reached ****** piety under Trog
 22293 | Lair:3   | Received a gift from Trog
 22544 | Lair:3   | Found a hole to the Spider Nest.
 22809 | Lair:3   | Found a staircase to the Swamp.
 23942 | Lair:4   | Received a gift from Trog
 24137 | Lair:4   | Identified the +0 scale mail of Xomuoqota {Str+3}
 24317 | Lair:4   | Found a staircase to the Slime Pits.
 24578 | Lair:5   | Entered Level 5 of the Lair of Beasts
 24660 | Lair:5   | Reached XP level 15. HP: 87/96 MP: 15/15
 24665 | Lair:5   | Reached skill level 5 in Evocations
 24682 | Lair:5   | Reached skill level 15 in Maces & Flails
 25003 | Lair:5   | Noticed Qoypruj's ghost (journeyman MiGl)
 25007 | Lair:5   | Found a transporter.
 25009 | Lair:5   | Found a transporter.
 25396 | Lair:5   | Received a gift from Trog
 25539 | Lair:5   | Identified the +5 scimitar of Xucitz {protect, +Blink rF+
                  | rN+ Str+3 Dex-4}
 25908 | Lair:5   | Killed Qoypruj's ghost
 26776 | Lair:5   | Received a gift from Trog
 26928 | Lair:3   | Killed Sitoc's ghost
 27084 | Lair:3   | Acquired a +2 pair of gloves of dexterity
 27171 | Swamp:1  | Entered Level 1 of the Swamp
 27238 | Swamp:1  | Reached skill level 16 in Armour
 27574 | Swamp:1  | Reached skill level 10 in Shields
 27582 | Swamp:1  | Noticed Aizul
 27603 | Swamp:1  | Killed Aizul
 28110 | Swamp:1  | Reached XP level 16. HP: 103/103 MP: 16/16
 28294 | Swamp:2  | Identified the +0 tower shield "Yzuu" {Contam Harm Stlth+}
 28294 | Swamp:2  | Noticed Louise
 28311 | Swamp:2  | Killed Louise
 28344 | Swamp:1  | Reached XP level 17. HP: 35/108 MP: 6/17
 28845 | Swamp:2  | Reached skill level 17 in Armour
 28860 | Swamp:2  | HP: 5/162 [spriggan rider/+0 spear (11)]
 29499 | Swamp:1  | HP: 6/162 [ghoul (5)]
 30466 | Swamp:2  | Found the +7 great mace "Firestarter" {inner flame, rF++}
 30739 | Swamp:3  | Received a gift from Trog
 31054 | Swamp:3  | Noticed Nikola
 31530 | Swamp:3  | Killed Nikola
 31958 | Swamp:3  | Noticed Mlioglotl
 32069 | Swamp:4  | Entered Level 4 of the Swamp
 32088 | Swamp:4  | Paralysed by a fenstrider witch for 3 turns
 32094 | Swamp:4  | Mangled by a bunyip

Illustrated notes

Levels and vault maps discovered:
D:1:      minmay_arrival_four_loops, layout_loops_ring,
          shapermc_ecumenical_altar_mp_vishouse, minmay_misc_feat_tower
D:2:      layout_loops_ring, uniq_jessica
D:3:      layout_rooms, serial_aquarium, aquarium_bridge_square
          [aquarium_subvault_window, aquarium_subvault_wall,
          aquarium_subvault_wall, aquarium_subvault_bridge],
          aquarium_bridge_long_separate [aquarium_subvault_bridge,
          aquarium_subvault_wall, aquarium_subvault_window,
          aquarium_subvault_bridge, aquarium_subvault_bridge,
          aquarium_subvault_bridge], aquarium_window_fake,
          aquarium_window_corridor_1, aquarium_window_1, aquarium_window_fake,
          aquarium_view_2b, aquarium_view_2e, aquarium_balcony_3b,
          aquarium_pool_four, minmay_vboxes
D:4:      layout_basic, minmay_fire_ice_demons, uniq_pargi
D:5:      cheibrodos_two_vegetables, layout_basic, uniq_eustachio,
          uniq_prince_ribbit1
D:6:      layout_loops_cross, minmay_temple_entry_hall, st_stairs_5,
          hangedman_decor_riveting
D:7:      layout_loops_cross, serial_shops, shop, shop, shop_fountains
D:8:      layout_basic, mainiacjoe_overflow_brackets,
          hangedman_decor_clover_reticule
D:9:      layout_loops_ring, tso_oasis_becter, serial_shops,
          nicolae_shop_overgrown_old_shop
D:10:     layout_stronghold, mainiacjoe_overflow_24_doors, uniq_lodul,
          uniq_josephine
D:11:     layout_roguey [special_room_bee], due_lair_maze_entry_diamond,
          orc_0_dummy
Lair:1:   lemuel_ratsnest, layout_long_grid, dreamdust_gnoll_shepherd
Lair:2:   layout_loops_ring, nicolae_volcano_entry_two_sided
Lair:3:   layout_regular_city, minmay_swamp_entry_worms,
          spider_nest_entry_web_field, maelrawn_ghost_gauntlet_escape,
          grunt_megastairs_1, infiniplex_staircase_pool
Lair:4:   nzn_winding_woodlands_stair_trap [nzn_winding_woodlands_5x15_eye,
          nzn_winding_woodlands_5x15_sawtooth,
          nzn_winding_woodlands_5x15_garden,
          nzn_winding_woodlands_15x15_boxy_spiral,
          nzn_winding_woodlands_5x15_default,
          nzn_winding_woodlands_5x15_pockets, nzn_winding_woodlands_5x15_cabin],
          layout_regular_city, slime_entry_1
Lair:5:   minmay_lair_end_enchanted_forest, layout_misc_corridors,
          gammafunk_ghost_hive, ice2_lemuel
Swamp:1:  nicolae_swamp_tree_isthmus, layout_basic_swamp,
          nicolae_swamp_little_tower, swamp_pool1, uniq_aizul
Swamp:2:  layout_basic_swamp, serial_swamp_ruin, evilmike_swamp_ruin_wall,
          evilmike_swamp_ruin_house_3, evilmike_swamp_ruin_house_4, swamp_pool1,
          uniq_louise
Swamp:3:  layout_basic_swamp, evilmike_swamp_ruin_house_1, uniq_nikola,
          uniq_mlioglotl
Swamp:4:  byrel_swamp_growth_death_and_undeath, layout_basic_swamp, swamp_pool3,
          infiniplex_staircase_pool_2
Orc:1:    layout_caves
Orc:2:    st_orc_ogre_mass, layout_caves

Skill      XL: |  1  2  3  4  5  6  7  8  9 10 11 12 13 14 15 16 17 |
---------------+----------------------------------------------------+-----
Armour         | 3 4 5 6 7 9 10 12 13 14 15 16 17 | 17.5
Dodging        | 2 3 4 5 6 7 |  7.1
Fighting       | 4 5 6 8 9 10 11 12 13 | 13.2
Maces & Flails | 4 5 7 8 10 11 12 13 14 16 | 16.9
Shields        | 4 7 9 10 | 10.7
Evocations     | 4 6 7 |  7.5

Action                   |  1- 3 |  4- 6 |  7- 9 | 10-12 | 13-15 | 16-18 || total
-------------------------+-------+-------+-------+-------+-------+-------++-------
Melee: Mace              |    81 |    64 |       |       |       |       ||   145
       Flail             |       |   145 |   448 |  1163 |   604 |       ||  2360
       Morningstar       |       |     1 |       |       |       |       ||     1
       Punch             |       |     3 |     7 |     4 |       |       ||    14
       Demon whip        |       |       |       |       |  1018 |   393 ||  1411
       Eveningstar       |       |       |       |       |       |     7 ||     7
 Fire: Sling             |       |       |       |       |    25 |    24 ||    49
Throw: Stone             |       |    10 |    10 |    58 |     1 |       ||    79
       Dart              |       |       |     2 |    20 |    15 |     7 ||    44
Invok: Berserk           |       |     1 |     5 |     4 |     3 |     4 ||    17
 Abil: Evoke Blink       |       |       |       |       |     1 |     1 ||     2
       Evoke Invisibilit |       |       |       |       |     1 |       ||     1
Evoke: Wand              |       |       |     1 |       |     2 |     1 ||     4
  Use: Scroll            |       |     3 |     2 |     9 |    14 |     4 ||    32
       Potion            |       |       |       |       |     1 |       ||     1
 Stab: Distracted        |       |       |       |     1 |       |       ||     1
       Invisible         |       |       |       |       |     2 |       ||     2
       Sleeping          |       |       |       |       |     1 |       ||     1
Armor: Leather armour    |    56 |   116 |   152 |   126 |       |       ||   450
       Animal skin       |     1 |       |       |       |       |       ||     1
       Steam dragon scal |       |       |       |   306 |   274 |       ||   580
       Scale mail        |       |       |       |       |   181 |   126 ||   307
Dodge: Dodged            |    64 |   166 |   372 |   901 |   699 |   183 ||  2385
Block: Buckler           |       |       |       |   405 |   636 |   149 ||  1190
       Other             |       |       |       |     7 |       |       ||     7
       Reflection        |       |       |       |     3 |     4 |     1 ||     8
